 Dungeon Crawl Stone Soup version 0.30-a0-757-ga6a79fd877 (webtiles) character file.

Game seed: 18088395817427480317

44 BigDaddyOpFi the Digger (level 4, -1/33 HPs)
             Began as a Meteoran Earth Elementalist on Feb 9, 2023.
             Slain by a jackal (2 damage)
             ... on level 2 of the Dungeon.
             The game lasted 00:01:23 (625 turns).

BigDaddyOpFi the Digger (MeEE)                       Turns: 625, Time: 00:01:24

Health: -1/33      AC:  2    Str: 12    XL:     4   Next: 8%
Magic:  10/10      EV: 12    Int: 16    God:
Gold:   40         SH:  0    Dex: 14    Spells: 8/9 levels left

rFire   . . .      SeeInvis .    k - +0 morningstar (protect)
rCold   . . .      Faith    .    (no shield)
rNeg    . . .      Spirit   .    a - +0 robe
rPois   +          Reflect  .    (no helmet)
rElec   .          Harm     .    (no cloak)
rCorr   .          Rampage  .    (no gloves)
Will    .....                    (no boots)
Stlth   +                        (no amulet)
HPRegen 0.25/turn                d - ring of poison resistance
MPRegen 0.12/turn                (no ring)

@: flying, glowing
A: sense surroundings 1, otherworldly, glowing, explore regen
a: no special abilities


You were on level 2 of the Dungeon.
You visited 1 branch of the dungeon, and saw 2 of its levels.

You collected 40 gold pieces.

Inventory:

Hand Weapons
 e - a +0 short sword
 g - a +0 rapier
 k - a +0 morningstar of protection (weapon)
Armour
 a - a +0 robe (worn)
Jewellery
 d - a ring of poison resistance (left hand)
Scrolls
 c - 2 scrolls of immolation
 h - a scroll of identify {unknown}
 m - a scroll of amnesia {unknown}
Potions
 f - a potion of flight
 i - a potion of lignification {unknown}
 j - a potion of mutation {unknown}
 l - a potion of heal wounds {unknown}


   Skills:
 - Level 2.7 Dodging
 - Level 1.6 Stealth
 + Level 3.3 Spellcasting
 + Level 1.1 Conjurations
 - Level 1.7 Transmutations
 + Level 4.1 Earth Magic


You had 8 spell levels left.
You knew the following spells:

 Your Spells              Type           Power      Damage    Failure   Level
a - Sandblast             Erth           32%        2d9       3%          1

Your spell library contained the following spells:

 Spells                   Type           Power      Damage    Failure   Level
 Passwall                 Tmut/Erth      10%        N/A       9%          2
 Stone Arrow              Conj/Erth      22%        3d8       19%         3
 Petrify                  Tmut/Erth      12%        N/A       47%         4
 Iskenderun's Battlesphe  Conj           6%         2d6       97%         5
 Iron Shot                Conj/Erth      5%         9d2       100%        6
 Spellforged Servitor     Conj/Summ      2%         N/A       100%        7


Dungeon Overview and Level Annotations

Branches:
Dungeon (2/15) Zot: 553

Altars:


Innate Abilities, Weirdness & Mutations

You passively map a small area around you.
You are easily found by Zot.
You glow in the dark.
You regain HP and MP as you explore.


Message History

The ball python barely misses you. The ball python grabs you.
The ball python constricts you.
The gnoll hits you from afar with a +0 spear!
The ball python bites you but does no damage.
The ball python constricts you.
The blast of sand hits the ball python!
You kill the ball python!
The gnoll barely misses you. The jackal bites you.
You have reached level 4!
The blast of sand misses the jackal.
The blast of sand hits the jackal!
You kill the jackal!
The jackal bites you.
The gnoll hits you from afar with a +0 spear.
The jackal bites you.
The gnoll hits you from afar with a +0 spear.
You are too injured to fight recklessly!
You are too injured to fight recklessly!
Casting: Sandblast (safe; 3% risk of failure)
Confirm with . or Enter, or press ? or * to list all spells.
Aiming: Sandblast (safe; 3% risk of failure)
Press: ? - help, Shift-Dir - straight line, f/p - jackal
Aim: a jackal (77% to hit)
The blast of sand hits the jackal.
You kill the jackal!
The jackal bites you.
The gnoll hits you from afar with a +0 spear.
* * * LOW HITPOINT WARNING * * *
The jackal attacks as you move away! The jackal misses you.
The jackal misses you. Magic courses through your body.
The jackal barely misses you.
It was a potion of flight.
You feel very buoyant.
You fly up into the air.
The jackal barely misses you. The jackal bites you.
* * * LOW HITPOINT WARNING * * *
As you read the scroll labelled ROPSIER CAUCU, it crumbles to dust.
The creatures around you are filled with an inner flame!
It was a scroll of immolation.
The jackal bites you.
* * * LOW HITPOINT WARNING * * *
The jackal attacks as you move away! The jackal bites you.
You die...

#.........########*
,* , #..#...#### *,
##.#...# #.#...# *
##.###.##..#
............#
###.###.##.## * *
###.##.#######
...........@hg# ,
####.########g# #.#
#g#* * #.# *


?gg , #. * * ..... * ....... , * .#.....## #........ #####.#### * You could see
2 gnolls and a jackal (inner flame).

Vanquished Creatures
  An adder (D:2)
  2 bats (D:1)
  4 endoplasms
  A giant cockroach (D:1)
  3 hobgoblins
  8 jackals
  5 ball pythons
  A frilled lizard (D:1)
  3 kobolds
28 creatures vanquished.

Notes
Turn   | Place    | Note
-------+----------+-------------------------------------------
     0 | D:1      | BigDaddyOpFi the Meteoran Earth Elementalist began the
                  | quest for the Orb.
     0 | D:1      | Reached XP level 1. HP: 14/14 MP: 5/5
   230 | D:1      | Reached XP level 2. HP: 20/20 MP: 4/6
   395 | D:1      | Reached XP level 3. HP: 21/26 MP: 1/8
   489 | D:1      | Glimpsed the power of Zot.
   536 | D:1      | Glimpsed the power of Zot.
   577 | D:2      | Reached skill level 4 in Earth Magic
   581 | D:2      | Reached skill level 1 in Conjurations
   618 | D:2      | Reached XP level 4. HP: 22/33 MP: 7/9
   624 | D:2      | HP: 1/33 [jackal (2)]
   625 | D:2      | Slain by a jackal

Illustrated notes

Levels and vault maps discovered:
D:1:      minmay_arrival_split_and_join, layout_basic, kennysheep_nondescript,
          st_stairs_12, corexii_leaking_fountain, serial_bayou_pond_d
D:2:      layout_loops_ring, basic_ecumenical_altar

Skill      XL: |  1  2  3 |
---------------+----------+-----
Spellcasting   | 3 |  3.3
Earth Magic    | 4 |  4.1
Conjurations   | 1 |  1.1
Dodging        | |  2.7
Stealth        | |  1.6
Transmutations | |  1.7

Action                     |  1- 3 |  4- 6 || total
---------------------------+-------+-------++-------
  Melee: Rapier            |     6 |       ||     6
         Short sword       |     1 |       ||     1
         Morningstar       |    11 |       ||    11
   Cast: Sandblast         |    29 |     2 ||    31
    Use: Potion            |       |     2 ||     2
         Scroll            |       |     1 ||     1
 Armour: Robe              |    20 |       ||    20
  Dodge: Dodged            |    33 |     4 ||    37

Table legend: (Time is in decaauts)
 A = Elapsed time spent in this place.
 B = Non-inter-level travel time spent in this place.
 C = Inter-level travel time spent in this place.
 D = Time resting spent in this place.
 E = Time spent auto-exploring this place.
 F = Levels seen in this place.
 G = Mean time per level.
                   A        B        C        D        E       F      G
               +--------+--------+--------+--------+--------+-----+--------+
         Total |    646 |    625 |     21 |      0 |    425 |   2 |  323.0 |
       Dungeon |    646 |    625 |     21 |      0 |    425 |   2 |  323.0 |
               +--------+--------+--------+--------+--------+-----+--------+

Top non-repeatable levels by time:
     D:1: 567 daAuts
     D:2: 78 daAuts
